 Dungeon Crawl Stone Soup version 0.22-a0-456-g11ed031 (webtiles) character file.

37914 pk666 the Eclecticist (level 13, -4/63 HPs)
             Began as a Deep Elf Fire Elementalist on June 6, 2018.
             Was a High Priest of Vehumet.
             Slain by a sphinx (8 damage)
             ... summoned by Kirke
             ... on level 5 of the Lair of Beasts.
             The game lasted 01:09:23 (19711 turns).

pk666 the Eclecticist (Deep Elf Fire Elementalist) Turns: 19711, Time: 01:09:23

Health: -4/63      AC:  9    Str:  5    XL:     13   Next: 61%
Magic:  8/43       EV: 19    Int: 30    God:    Vehumet [*****.]
Gold:   844        SH:  0    Dex: 15    Spells: 22/42 levels left

rFire    + . .     SeeInvis .   C - staff of poison
rCold    . . .     Gourm    .   (no shield)
rNeg     . . .     Faith    .   G - +2 robe of the Black Moon {rF+}
rPois    +         Spirit   .   (no helmet)
rElec    .         Reflect  .   v - +0 cloak
rCorr    .         Harm     .   H - +0 pair of gloves
MR       +....                  d - +2 pair of boots
Stlth    ++........             (no amulet)
HPRegen  0.20/turn              a - +4 ring of intelligence
MPRegen  0.28/turn              p - ring of magical power

@: barbed spikes
A: no striking features
a: Renounce Religion


You were on level 5 of the Lair of Beasts.
You worshipped Vehumet.
Vehumet was extremely pleased with you.
You were not hungry.

You visited 3 branches of the dungeon, and saw 17 of its levels.

You collected 1123 gold pieces.
You spent 279 gold pieces at shops.

Inventory:

Armour
 d - a +2 pair of boots (worn)
 v - a +0 cloak (worn)
 G - the +2 robe of the Black Moon (worn) {rF+}
   (You bought it in a shop on level 8 of the Dungeon)

   It protects you from fire.
 H - a +0 pair of gloves (worn)
 P - the +0 robe of the Ant {Str+4 SInv Stlth+}
   (You found it on level 4 of the Lair of Beasts)

   It affects your strength (+4).
   It lets you see invisible.
   It makes you more stealthy.
Magical Staves
 C - an uncursed staff of poison (weapon)
Jewellery
 a - a +4 ring of intelligence (left hand)
 f - an uncursed ring of protection from cold
 h - an uncursed ring of see invisible
 l - an uncursed ring of poison resistance
 p - a ring of magical power (right hand)
 u - an uncursed ring of flight
Wands
 z - a wand of polymorph (18)
 D - a wand of enslavement (12)
 I - a wand of flame (47)
 K - a wand of random effects (19)
 L - a wand of iceblast (12)
 O - a wand of disintegration (15)
 Q - a wand of acid (14)
 S - a wand of paralysis (20)
 T - a wand of digging (10)
Scrolls
 b - 13 scrolls of teleportation
 e - 8 scrolls of remove curse
 i - 3 scrolls of enchant weapon
 m - 6 scrolls of identify
 o - 3 scrolls of magic mapping
 q - 2 scrolls of amnesia
 w - 3 scrolls of fog
 y - a scroll of fear {unknown}
 A - a scroll of enchant armour {unknown}
 E - a scroll of acquirement {unknown}
 M - a scroll of torment {unknown}
 R - a scroll of blinking {unknown}
Potions
 g - 5 potions of magic
 j - 3 potions of mutation {unknown}
 k - 3 potions of curing
 n - 2 potions of lignification
 r - a potion of cancellation
 t - a potion of invisibility
 x - a potion of flight {unknown}
 B - 4 potions of brilliance
 F - 3 potions of haste {unknown}
 J - a potion of berserk rage {unknown}
 N - a potion of might {unknown}
Comestibles
 c - 31 rations


   Skills:
 + Level 10.7 Dodging
 - Level 2.4 Stealth
 + Level 15.3 Spellcasting
 + Level 13.5 Conjurations
 - Level 5.0 Charms
 - Level 5.0 Necromancy
 + Level 13.4 Fire Magic


You had 22 spell levels left.
You knew the following spells:

 Your Spells              Type           Power        Failure   Level  Hunger
a - Flame Tongue          Conj/Fire      #####        0%          1    None
b - Sticky Flame          Conj/Fire      #######.     1%          4    None
c - Conjure Flame         Conj/Fire      #######.     1%          3    None
d - Iskenderun's Mystic   Conj           #######.     1%          4    None
e - Regeneration          Chrm/Necr      ######....   1%          3    None
z - Fireball              Conj/Fire      #######...   1%          5    None

Your spell library contained the following spells:

 Spells                   Type           Power        Failure   Level  Hunger
 Throw Flame              Conj/Fire      ######       0%          2    None
 Animate Dead             Necr           N/A          2%          4    None
 Pain                     Necr           ####         1%          1    None
 Animate Skeleton         Necr           N/A          1%          1    None
 Vampiric Draining        Necr           ######....   1%          3    None
 Inner Flame              Hex/Fire       ######..     1%          3    None


Dungeon Overview and Level Annotations

Branches:
Dungeon (10/15)            Temple (1/1) D:5            Lair (6/6) D:10
  Swamp (0/4) Lair:2        Snake (0/4) Lair:2
  Slime: Lair:5-6       Orc: D:9-12

Altars:
Ashenzari
Cheibriados
Dithmenos
Elyvilon
Fedhas
Gozag
Hepliaklqana
Kikubaaqudgha
Makhleb
Nemelex Xobeh
Okawaru
Qazlal
Ru
Sif Muna
Trog
Uskayaw
Vehumet
Wu Jian
Xom
Yredelemnul
Zin
The Shining One

Shops:
D:5 ?   D:8 [   D:9 :

Annotations:
Lair:5 Kirke


Message History

Okay, then.
You're too confused!
You feel better. The sphinx hits you.
* * * LOW HITPOINT WARNING * * *
The sphinx hits you.
* * * LOW HITPOINT WARNING * * *
The sphinx hits you.
* * * LOW HITPOINT WARNING * * *
Something hits you!
* * * LOW HITPOINT WARNING * * *
Okay, then.
You feel better. The sphinx hits you.
* * * LOW HITPOINT WARNING * * *
The sphinx closely misses you. The sphinx completely misses you.
You hear some strange, mumbled words.
Something tries to affect you, but you resist.
You feel better. The sphinx hits you!
* * * LOW HITPOINT WARNING * * *
The sphinx hits you!
You die...

#♣♣###......P...#..#......≈≈≈≈≈≈≈
≈P♣...................P....≈≈≈≈≈≈
♣≈≈.............#..P..#.....≈≈≈≈≈
P≈.............##........{.>.≈≈≈≈
≈≈≈............###.##.......≈≈≈≈≈
P≈....##...........###.#...≈≈≈≈≈≈
♣P....###.......H..# ###.#≈..≈≈≈≈
≈♣≈≈P.# #..........# ######....
##≈≈≈## ##......@H.# #..... #####
#..........##### ##..#.
##.....#...#...## #.#### ###
#..P..#...#....# ### # ##.###
####.#..###....## # #.##.#
##....#.#...<.# ## ##...# ###
#.#..........## ####P
#....###.###.#.........### #.###
#........................####.#.P


You could see a sphinx and a manticore.

Vanquished Creatures
  The ghost of grizmgrazm2 the Cleaver, a journeyman DDFi of Makhleb (Lair:1)
  5 hydras
  2 two-headed ogres
  A death yak (Lair:5)
  The ghost of Nib the Ruffian, a novice DrTm of Ru (D:10)
  Nergalle (D:10)
  Pikel (D:5)
  A lindwurm (Lair:6)
  13 elephants
  2 molten gargoyles (Lair:4)
  The ghost of Nib the Ruffian, a novice DrTm (D:5)
  3 black mambas
  6 spiny frogs
  4 komodo dragons
  3 rime drakes
  A troll (D:9)
  A tyrant leech (Lair:2)
  14 blink frogs
  Grinder (D:5)
  A dream sheep (Lair:6)
  8 hippogriffs
  Sigmund (D:2)
  A spriggan (D:9)
  Eustachio (D:5)
  5 hogs (Lair:6)
  4 wyverns
  26 yaks
  2 basilisks (Lair:1)
  2 hungry ghosts
  Edmund (D:5)
  A naga (Lair:2)
  7 water moccasins
  An acid dragon (D:10)
  4 porcupines
  3 orc warriors
  2 ice beasts
  4 phantoms
  3 ogres
  6 necrophages
  2 black bears
  A centaur (D:8)
  14 wolves
  13 crocodiles
  12 bullfrogs
  A gnoll sergeant (D:9)
  2 scorpions (D:10)
  4 killer bees (D:10)
  8 wights
  2 howler monkeys
  4 electric eels
  5 lava snakes (Lair:4)
  5 centaur zombies
  3 jellies
  4 orc priests
  Crazy Yiuf (D:5)
  A bullfrog skeleton (D:7)
  4 hounds
  A centaur skeleton (D:8)
  4 orc wizards
  An iguana (D:8)
  A hell rat (Lair:6)
  9 worker ants
  3 hound skeletons
  A worker ant zombie (D:8)
  10 adders
  14 gnolls
  2 adder skeletons
  3 worms
  3 dart slugs (D:1)
  6 leopard geckos
  23 orcs
  4 ball pythons
  A giant cockroach (D:3)
  9 goblins
  12 hobgoblins
  16 jackals
  4 quokkas
  10 bats
  A jackal zombie (D:8)
  6 kobolds
  3 quokka skeletons
  6 rats
  8 bushes
  A butterfly (Lair:4)
  2 fungi
  7 plants
402 creatures vanquished.

Vanquished Creatures (others)
  3 fungi
  5 plants (D:10)
8 creatures vanquished.

Grand Total: 410 creatures vanquished

Notes
Turn   | Place    | Note
-------+----------+-------------------------------------------
     0 | D:1      | pk666 the Deep Elf Fire Elementalist began the quest for the Orb.
     0 | D:1      | Reached XP level 1. HP: 10/10 MP: 6/6
   143 | D:1      | Reached XP level 2. HP: 15/15 MP: 4/8
   764 | D:1      | Reached XP level 3. HP: 19/19 MP: 6/10
  1431 | D:2      | Noticed Sigmund
  1445 | D:2      | Learned a level 3 spell: Conjure Flame
  1498 | D:2      | Killed Sigmund
  1498 | D:2      | Reached skill level 4 in Spellcasting
  1498 | D:2      | Reached XP level 4. HP: 13/24 MP: 0/12
  1498 | D:2      | Reached XP level 5. HP: 15/28 MP: 0/13
  2022 | D:2      | Found a glowing golden altar of the Shining One.
  2298 | D:2      | Learned a level 4 spell: Sticky Flame
  2304 | D:2      | Learned a level 5 spell: Fireball
  2484 | D:2      | Reached XP level 6. HP: 32/32 MP: 7/15
  2638 | D:3      | Found a hide-covered altar of Uskayaw.
  2638 | D:3      | Noticed a dagger
  2639 | D:3      | Noticed a dagger
  2784 | D:3      | Reached skill level 5 in Spellcasting
  2788 | D:3      | Reached skill level 5 in Conjurations
  3044 | D:3      | Reached skill level 5 in Fire Magic
  3406 | D:4      | Found a basalt altar of Yredelemnul.
  3721 | D:4      | Reached XP level 7. HP: 36/36 MP: 17/17
  3826 | D:4      | Reached skill level 6 in Spellcasting
  4062 | D:4      | You fall through a shaft for 2 floors!
  4120 | D:5      | Entered Level 5 of the Dungeon
  4281 | D:5      | Noticed Nib's ghost (novice DrTm)
  4282 | D:5      | Found a staircase to the Ecumenical Temple.
  4297 | D:5      | Killed Nib's ghost
  4297 | D:5      | Reached skill level 7 in Spellcasting
  4297 | D:5      | Reached XP level 8. HP: 6/41 MP: 12/20
  4383 | Temple   | Entered the Ecumenical Temple
  4419 | Temple   | Became a worshipper of Vehumet
  4578 | D:5      | Noticed Eustachio
  4848 | D:5      | Found a runed door.
  4852 | D:5      | Noticed Crazy Yiuf
  4857 | D:5      | Killed Crazy Yiuf
  5070 | D:5      | Found Rolunaj's Magic Scroll Boutique.
  5096 | D:5      | Killed Eustachio
  5167 | D:5      | Bought a scroll of identify for 22 gold pieces
  5167 | D:5      | Bought a scroll of amnesia for 38 gold pieces
  5167 | D:5      | Bought a scroll of magic mapping for 38 gold pieces
  5167 | D:5      | Bought a scroll of teleportation for 33 gold pieces
  5183 | D:5      | Noticed Grinder
  5189 | D:5      | Killed Grinder
  5189 | D:5      | Reached skill level 8 in Spellcasting
  5227 | D:5      | Noticed Pikel
  5247 | D:5      | Killed Pikel
  5247 | D:5      | Reached skill level 9 in Spellcasting
  5247 | D:5      | Reached XP level 9. HP: 45/45 MP: 14/24
  5412 | D:5      | Noticed Edmund
  5423 | D:5      | Killed Edmund
  6085 | D:6      | Reached * piety under Vehumet
  6085 | D:6      | Offered knowledge of Magic Dart by Vehumet.
  7465 | D:7      | Reached skill level 10 in Spellcasting
  7837 | D:7      | You fall through a shaft for 2 floors!
  7848 | D:9      | Reached ** piety under Vehumet
  7848 | D:9      | Offered knowledge of Throw Frost by Vehumet.
  7928 | D:9      | Found a glowing silver altar of Zin.
  7960 | D:9      | Noticed a troll
  7968 | D:9      | Killed a troll
  7968 | D:9      | Reached XP level 10. HP: 50/50 MP: 19/26
  8077 | D:9      | Noticed a two-headed ogre
  8084 | D:9      | Killed a two-headed ogre
  8084 | D:9      | Reached skill level 11 in Spellcasting
  8084 | D:9      | Reached skill level 10 in Conjurations
  8113 | D:9      | Reached skill level 10 in Fire Magic
  8239 | D:8      | Found Ade Addo's Antique Armour Shoppe.
  8241 | D:8      | Bought an ominously black robe for 148 gold pieces
  8251 | D:8      | Identified the +2 robe of the Black Moon {rF+} (You bought it in a shop on level 8 of the Dungeon)
  8649 | D:8      | Offered knowledge of Ignite Poison by Vehumet.
  8702 | D:8      | Reached *** piety under Vehumet
  8780 | D:8      | Found a shattered altar of Ashenzari.
  8996 | D:8      | Found an iron altar of Okawaru.
  9255 | D:7      | Found a snail-covered altar of Cheibriados.
  9349 | D:9      | Found an opulent altar of Gozag.
  9436 | D:9      | Reached skill level 12 in Spellcasting
  9793 | D:9      | Found Sapyatt's Book Shop.
  9950 | D:9      | Found a glowing silver altar of Zin.
  9950 | D:9      | Found a bloodstained altar of Trog.
  9971 | D:9      | Offered knowledge of Iskenderun's Mystic Blast by Vehumet.
  9975 | D:9      | Reached XP level 11. HP: 54/54 MP: 22/29
 10002 | D:9      | Learned a level 4 spell: Iskenderun's Mystic Blast
 10109 | D:10     | Entered Level 10 of the Dungeon
 10151 | D:10     | Reached skill level 5 in Dodging
 10371 | D:10     | Noticed a two-headed ogre
 10384 | D:10     | Killed a two-headed ogre
 10440 | D:10     | Noticed Nergalle
 10446 | D:10     | Killed Nergalle
 10990 | D:10     | Found a staircase to the Lair.
 11249 | D:10     | Reached **** piety under Vehumet
 11320 | D:10     | Found a blossoming altar of Fedhas.
 11621 | D:10     | Reached skill level 13 in Spellcasting
 11639 | D:10     | Offered knowledge of Bolt of Magma by Vehumet.
 11887 | D:10     | Noticed Nib's ghost (novice DrTm)
 11900 | D:10     | Killed Nib's ghost
 12025 | Lair:1   | Entered Level 1 of the Lair of Beasts
 12067 | Lair:1   | Noticed grizmgrazm2's ghost (journeyman DDFi)
 12103 | Lair:1   | Killed grizmgrazm2's ghost
 12760 | Lair:1   | Reached XP level 12. HP: 59/59 MP: 24/31
 13321 | Lair:2   | Found a staircase to the Swamp.
 13876 | Lair:2   | Noticed a four-headed hydra
 13879 | Lair:2   | Killed a four-headed hydra
 13969 | Lair:2   | Found a staircase to the Snake Pit.
 14312 | Lair:3   | Reached skill level 14 in Spellcasting
 15841 | Lair:4   | Reached ***** piety under Vehumet
 15864 | Lair:4   | Learned a level 3 spell: Regeneration
 15896 | Lair:4   | Offered knowledge of Ozocubu's Refrigeration by Vehumet.
 15903 | Lair:4   | Reached skill level 1 in Charms
 15904 | Lair:4   | Reached skill level 1 in Necromancy
 15908 | Lair:4   | Noticed an eight-headed hydra
 15909 | Lair:4   | Noticed a five-headed hydra
 16153 | Lair:4   | Killed an eight-headed hydra
 16187 | Lair:4   | Killed a five-headed hydra
 16447 | Lair:4   | Got a distressingly furry robe
 16458 | Lair:4   | Identified the +0 robe of the Ant {Str+4 SInv Stlth+} (You found it on level 4 of the Lair of Beasts)
 17376 | Lair:5   | Reached XP level 13. HP: 63/63 MP: 28/33
 17853 | Lair:5   | Reached skill level 5 in Charms
 17993 | Lair:5   | Reached skill level 10 in Dodging
 18671 | Lair:6   | Entered Level 6 of the Lair of Beasts
 18775 | Lair:6   | Reached skill level 5 in Necromancy
 19017 | Lair:6   | Reached skill level 15 in Spellcasting
 19048 | Lair:6   | Noticed Kirke
 19368 | Lair:6   | Offered knowledge of Orb of Destruction by Vehumet.
 19419 | Lair:6   | HP: 2/63 [water moccasin (7)]
 19693 | Lair:5   | Noticed a sphinx
 19709 | Lair:5   | HP: 3/63 [something (8)]
 19711 | Lair:5   | Slain by a sphinx

Vault maps used:
D:1:      dpeg_cavernosity, grunt_decor_arrowhead
D:2:      cheibrodos_greedy_goblins, first_ration,
          nicolae_tso_swordbearing_angel, uniq_sigmund
D:3:      dancing_weapons_uskayaw, minmay_misc_feat_diagonals
D:4:      overflow_temple_1_default
D:5:      minmay_temple_entry_poolview, serial_shops, shop, uniq_edmund,
          uniq_pikel, uniq_grinder, uniq_crazy_yiuf_cottage, uniq_eustachio
D:7:      marbit_many_paths
D:8:      grunt_temple_overflow_open, serial_shops,
          nicolae_shop_overgrown_old_shop
D:9:      nicolae_overflow_crystal_walls, gammafunk_temple_overflow_wave,
          basic_altar, serial_shops, shop, the_bakery
D:10:     erik_lair_dragon, fedhas_altar_decomposition, uniq_nergalle
Temple:   jpeg_temple_clearing
Lair:1:   grunt_megastairs_2, lemuel_fruit_tree
Lair:2:   minmay_swamp_entry_worms, guppyfry_snake_entry_island
Lair:4:   cheibrodos_magma_flow, serial_bayou_shore_a, grunt_megastairs_3,
          lemuel_fruit_fields, serial_bayou_shore_b, serial_bayou_shore_b,
          lemuel_fruit_fields
Lair:5:   st_stairs_3, infiniplex_staircase_pool, serial_bayou_shore_b
Lair:6:   hangedman_lair_in_review, slime_dummy, grunt_megastairs_1, uniq_kirke

Skill      XL: |  1  2  3  4  5  6  7  8  9 10 11 12 13 |
---------------+----------------------------------------+-----
Conjurations   | 2 4 5 6 8 9 10 12 13 | 13.5
Spellcasting   | 4 5 7 9 10 12 13 14 15 | 15.3
Fire Magic     | 4 5 6 7 9 10 11 12 13 | 13.4
Dodging        | 4 7 9 10 | 10.7
Charms         | 4 5 |  5.0
Necromancy     | 3 5 |  5.0
Stealth        | |  2.4

Action                   |  1- 3 |  4- 6 |  7- 9 | 10-12 | 13-15 || total
-------------------------+-------+-------+-------+-------+-------++-------
Melee: Unarmed           |       |     1 |    38 |       |       ||    39
       Staff             |       |       |       |     7 |       ||     7
 Cast: Flame Tongue      |    67 |    91 |   241 |   113 |       ||   512
       Conjure Flame     |     1 |     5 |    20 |    20 |     1 ||    47
       Fireball          |       |       |    10 |   211 |    71 ||   292
       Sticky Flame      |       |       |       |    16 |    22 ||    38
       Iskenderun's Myst |       |       |       |    19 |       ||    19
Evoke: Wand              |       |       |     9 |       |       ||     9
  Use: Potion            |     1 |       |       |       |     8 ||     9
       Scroll            |       |       |     2 |    13 |       ||    15
  Eat: Chunk             |     1 |     7 |    12 |    34 |     5 ||    59
       Ration            |       |       |     1 |     2 |     1 ||     4
Armor: Robe              |     3 |     1 |    20 |    15 |    13 ||    52
Dodge: Dodged            |    21 |    10 |    81 |    47 |    54 ||   213

Table legend:
 A = Spawn XP
 B = Non-spawn XP
 C = Spawn XP percentage of total XP
 D = Spawn monster count
 E = Non-spawn monster count
 F = Spawn count percentage of total count
 G = Total turns spent on level
                    A         B        C        D         E        F      G
               +---------+---------+-------+---------+---------+-------+---------
         Total |       0 |   54163 |   0.0 |       0 |     384 |   0.0 | 19711
               +---------+---------+-------+---------+---------+-------+---------
           D:1 |       0 |      45 |   0.0 |       0 |      23 |   0.0 |  1047
           D:2 |       0 |     349 |   0.0 |       0 |      28 |   0.0 |  1591
           D:3 |       0 |     171 |   0.0 |       0 |      19 |   0.0 |   768
           D:4 |       0 |     372 |   0.0 |       0 |       5 |   0.0 |  1035
           D:5 |       0 |    1987 |   0.0 |       0 |      17 |   0.0 |  1198
           D:6 |       0 |     693 |   0.0 |       0 |      19 |   0.0 |  1211
           D:7 |       0 |     933 |   0.0 |       0 |      25 |   0.0 |   916
           D:8 |       0 |     934 |   0.0 |       0 |      23 |   0.0 |  1013
           D:9 |       0 |    5501 |   0.0 |       0 |      48 |   0.0 |  1145
          D:10 |       0 |    7441 |   0.0 |       0 |      42 |   0.0 |  1916
        Lair:1 |       0 |    3850 |   0.0 |       0 |      17 |   0.0 |  1047
        Lair:2 |       0 |    2998 |   0.0 |       0 |      12 |   0.0 |  1180
        Lair:3 |       0 |    3310 |   0.0 |       0 |      12 |   0.0 |  1261
        Lair:4 |       0 |    8015 |   0.0 |       0 |      36 |   0.0 |  1844
        Lair:5 |       0 |    8005 |   0.0 |       0 |      29 |   0.0 |  2081
        Lair:6 |       0 |    9559 |   0.0 |       0 |      29 |   0.0 |   273
               +---------+---------+-------+---------+---------+-------+---------
